 Dungeon Crawl Stone Soup version 0.29.1-2-gbd0b4ee654 (webtiles) character file.

Game seed: 4351344984251151634

124 Earthwalker the Trooper (level 4, -4/41 HPs)
             Began as a Minotaur Fighter on Oct 24, 2022.
             Slain by an iguana (10 damage)
             ... on level 3 of the Dungeon.
             The game lasted 00:02:22 (2333 turns).

Earthwalker the Trooper (Minotaur Fighter)          Turns: 2333, Time: 00:02:22

Health: -4/41      AC:  7    Str: 22    XL:     4   Next: 81%
Magic:  3/3        EV:  9    Int:  5    God:
Gold:   72         SH:  4    Dex: 10    Spells: 3/3 levels left

rFire   + . .      SeeInvis .   a - +0 war axe
rCold   + . .      Faith    .   c - +0 buckler
rNeg    . . .      Spirit   .   b - +0 scale mail
rPois   .          Reflect  .   (helmet restricted)
rElec   .          Harm     .   h - scarf {rC+ rF+}
rCorr   .          Rampage  .   (no gloves)
Will    .....                   (no boots)
Stlth   ..........              (no amulet)
HPRegen 0.13/turn               (no ring)
MPRegen 0.08/turn               (no ring)

@: no status effects
A: horns 2, retaliatory headbutt
a: no special abilities


You were on level 3 of the Dungeon.
You visited 1 branch of the dungeon, and saw 3 of its levels.

You collected 72 gold pieces.

Inventory:

Hand Weapons
 a - a +0 war axe (weapon)
Missiles
 r - 2 boomerangs (quivered)
Armour
 b - a +0 scale mail (worn)
 c - a +0 buckler (worn)
 h - a scarf of resistance (worn)
Jewellery
 m - a ring of see invisible
 p - a +6 ring of intelligence
 s - a ring of protection from fire
Wands
 q - a wand of digging (5)
Scrolls
 f - 5 scrolls of identify {unknown}
 g - a scroll of fog {unknown}
 i - a scroll of amnesia {unknown}
 n - a scroll of teleportation {unknown}
 o - a scroll of silence {unknown}
Potions
 d - 2 potions of might
 e - a potion of curing {unknown}
 j - 2 potions of heal wounds {unknown}
 k - a potion of flight {unknown}
 l - a potion of brilliance {unknown}


   Skills:
 + Level 4.5 Fighting
 + Level 3.7 Axes
 + Level 4.5 Armour
 + Level 4.5 Shields


You had 3 spell levels left.
You didn't know any spells.
Your spell library contained the following spells:

 Spells                   Type           Power      Damage    Failure   Level
 Portal Projectile        Hex/Tloc       0%         N/A       99%         3
 Stone Arrow              Conj/Erth      0%         3d7       99%         3
 Tukima's Dance           Hex            0%         N/A       99%         3
 Animate Armour           Summ/Erth      0%         N/A       100%        4
 Blade Hands              Tmut           0%         N/A       100%        5
 Lehudib's Crystal Spear  Conj/Erth      0%         10d2      100%        8


Dungeon Overview and Level Annotations

Branches:
Dungeon (3/15)

Altars:


Innate Abilities, Weirdness & Mutations

You have a pair of horns on your head.
You reflexively headbutt those who attack you in melee.


Message History

The kobold throws a stone.
The stone closely misses you.
The kobold hits you with a +0 short sword.
You closely miss the kobold. The kobold hits you but does no damage.
You slash the kobold!
You kill the kobold!
No target in view!
No target in view!
Things that are here:
a +0 short sword; 2 stones; a kobold corpse You open the door.
There is an open door here.
Found an escape hatch in the floor.
No target in view!
There is an escape hatch in the floor here.
A dart slug comes into view.
A dart slug is nearby!
Found a stone staircase leading down.
The dart slug closely misses you.
You slash the dart slug!
You kill the dart slug!
No target in view!
There is a stone staircase leading down here.
There is a stone staircase leading down here.
Things that are here:
a +0 short sword; 2 stones; a kobold corpse An iguana comes into view.
The iguana hisses angrily.
The iguana bites you!
You slash the iguana!
The iguana is heavily wounded.
The iguana bites you!
You barely miss the iguana.
The iguana is heavily wounded.
The iguana bites you! x2
* * * LOW HITPOINT WARNING * * *
You are too injured to fight recklessly!
You are too injured to fight recklessly!
You barely miss the iguana. Your headbutt misses the iguana.
The iguana is heavily wounded.
The iguana bites you!
You die...

.....# #.#### #....#
#.#... #....# #.#...
#....##### #.#...
#####....#...# #.##.#
.........#...######.##.#
.####>...#..........##.#
..................####.#
.......@..........# #.#
......l##.........# #..
....... ####'###### ###
#...... #<# #. ######.
#.# ## #. #.# #. #.# #.
#.# #.#


You could see an iguana.

Vanquished Creatures
  Jessica (D:2)
  Terence (D:2)
  2 adders (D:2)
  2 dart slugs
  4 endoplasms
  3 giant cockroaches (D:2)
  3 goblins
  4 hobgoblins
  8 jackals
  3 quokkas
  4 ball pythons (D:1)
  3 bats (D:1)
  3 frilled lizards
  5 kobolds
  4 rats
50 creatures vanquished.

Notes
Turn   | Place    | Note
-------+----------+-------------------------------------------
     0 | D:1      | Earthwalker the Minotaur Fighter began the quest for the
                  | Orb.
     0 | D:1      | Reached XP level 1. HP: 19/19 MP: 0/0
   238 | D:1      | Reached XP level 2. HP: 27/27 MP: 1/1
   897 | D:2      | Noticed Jessica
   902 | D:2      | Killed Jessica
   903 | D:2      | Reached XP level 3. HP: 33/33 MP: 2/2
   969 | D:2      | Found a faded altar of an unknown god.
  1199 | D:2      | Reached XP level 4. HP: 35/40 MP: 3/3
  1305 | D:2      | Noticed Terence
  1315 | D:2      | Killed Terence
  2333 | D:3      | Slain by an iguana

Illustrated notes

Levels and vault maps discovered:
D:1:      co_arrival_random_square_maze, layout_loops_ring
D:2:      layout_basic, dreamdust_ecumenical_altar_hidden_monk_grotto,
          kennysheep_generic_room_8, uniq_jessica, uniq_terence
D:3:      layout_basic

Skill      XL: |  1  2 |
---------------+-------+-----
Armour         | 4 |  4.5
Shields        | 4 |  4.5
Fighting       | 4 |  4.5
Axes           | 3 |  3.7

Action                   |  1- 3 |  4- 6 || total
-------------------------+-------+-------++-------
Melee: War axe           |    55 |    43 ||    98
       Headbutt          |     6 |     4 ||    10
Armor: Scale mail        |    18 |    20 ||    38
Dodge: Dodged            |    27 |    16 ||    43
Block: Buckler           |    13 |     6 ||    19
